 Dungeon Crawl Stone Soup version 0.17-a0-1399-gd5b76e1 (webtiles) character file.

380 Fluffy the Slasher (level 6, -4/44 HPs)
             Began as a Demonspawn Gladiator on June 19, 2015.
             Slain by Grinder (6 damage)
             ... on level 4 of the Dungeon.
             The game lasted 00:07:40 (3277 turns).

Fluffy the Slasher (Demonspawn Gladiator)           Turns: 3277, Time: 00:07:40

Health: -4/44      AC:  8    Str: 23    XL:     6   Next: 46%
Magic:  6/6        EV: 12    Int:  9    God:
Gold:   206        SH:  0    Dex: 17    Spells: 0 memorised, 5 levels left

rFire  . . .     SeeInvis .     a - +0 long sword
rCold  . . .     Clarity  .     x - +0 ring mail
rNeg   . . .     SustAt   .     (no shield)
rPois  .         Gourm    .     (helmet restricted)
rElec  .         Spirit   .     (no cloak)
rCorr  +         Warding  .     (no gloves)
rMut   .         Stasis   .     u - +0 pair of boots
MR     .....                    f - amulet of resist corrosion
Stlth  +.........               c - +4 ring of dexterity
                                (no ring)

@: mighty, flying, not resistant to hostile enchantments, very unstealthy
A: antennae 2, thin metallic scales 1, powered by death 1
a: no special abilities


You were on level 4 of the Dungeon.
You were hungry.

You visited 1 branch of the dungeon, and saw 4 of its levels.

You collected 206 gold pieces.

Inventory:

Hand weapons
 a - a +0 long sword (weapon)
Missiles
 d - a throwing net (quivered)
Armour
 u - a +0 pair of boots (worn)
 x - a +0 ring mail (worn)
Jewellery
 c - a +4 ring of dexterity (right hand)
 f - an amulet of resist corrosion (around neck)
 m - an uncursed ring of ice
Scrolls
 b - a scroll of immolation {unknown}
 g - a scroll of blinking {unknown}
 h - 2 scrolls of identify {unknown}
 i - a scroll of fog {unknown}
 j - 4 scrolls of remove curse {unknown}
 k - a scroll of teleportation {unknown}
 r - a scroll of recharging {unknown}
Potions
 q - a potion of might
 s - 2 potions of brilliance {unknown}
 t - a potion of curing {unknown}
Comestibles
 e - 5 bread rations
 p - a beef jerky


   Skills:
 - Level 2.0 Fighting
 + Level 6.7 Long Blades
 - Level 1.7 Throwing
 - Level 2.6 Dodging


You had 5 spell levels left.
You didn't know any spells.

Dungeon Overview and Level Annotations

Branches:
Dungeon (4/15)
 Temple: D:4-7

Altars:
Cheibriados
Vehumet

Annotations:
D:4 Grinder


Innate Abilities, Weirdness & Mutations

You have a pair of antennae on your head.
You regenerate a little health from kills.
You are partially covered in thin metallic scales (AC +2).


Message History

Grinder hits you.
* * * LOW HITPOINT WARNING * * *
You writhe in agony.
* * * LOW HITPOINT WARNING * * *
Drink which item? (? for menu, Esc to quit)
It was a potion of cancellation.
You feel magically purged. Grinder closely misses you.
Drink which item? (? for menu, Esc to quit)
It was a potion of flight.
You feel very buoyant.
You fly up into the air.
Grinder gestures at you. You resist with significant effort.
Drink which item? (? for menu, Esc to quit)
It was a potion of might.
You feel very mighty all of a sudden. Grinder hits you.
* * * LOW HITPOINT WARNING * * *
You writhe in agony.
You die...

#....# ####....##
..........# #########.# #.#
#.# ########'######
#.....#.......#
#.....#..@....#
#.....#..5....#
#.....#.......######
#####.....##...........####
#.........##.....รท.........
#......#####...........##
#......# #...........#
#......# #.)...#)#####
#......# #.##.##.#######.


You could see Grinder.

Vanquished Creatures
  2 ogres (D:4)
  3 orc wizards (D:4)
  A gnoll (D:1)
  Robin (D:3)
  3 adders
  3 worms
  6 orcs
  11 bats
  7 hobgoblins
  2 ball pythons (D:2)
  3 giant cockroaches
  2 giant newts (D:1)
  14 goblins
  5 kobolds (D:1)
  15 rats
78 creatures vanquished.

Notes
Turn   | Place    | Note
--------------------------------------------------------------
     0 | D:1      | Fluffy the Demonspawn Gladiator began the quest for the Orb.
     0 | D:1      | Reached XP level 1. HP: 16/16 MP: 1/1
   197 | D:1      | Reached skill level 3 in Long Blades
   235 | D:1      | Gained mutation: You have a pair of small antennae on your head. [demonic ancestry]
   235 | D:1      | Reached XP level 2. HP: 12/22 MP: 2/2
   693 | D:1      | Gained mutation: You have a pair of antennae on your head. [demonic ancestry]
   693 | D:1      | Reached XP level 3. HP: 25/27 MP: 3/3
  1252 | D:1      | Reached skill level 4 in Long Blades
  1893 | D:2      | Reached XP level 4. HP: 33/33 MP: 4/4
  2217 | D:3      | Found a snail-covered altar of Cheibriados.
  2243 | D:3      | Noticed Robin
  2264 | D:3      | Killed Robin
  2611 | D:3      | Reached skill level 5 in Long Blades
  2831 | D:4      | Found a radiant altar of Vehumet.
  2839 | D:4      | Noticed an ogre
  2846 | D:4      | Killed an ogre
  2846 | D:4      | Reached XP level 5. HP: 38/38 MP: 5/5
  2914 | D:4      | Reached skill level 6 in Long Blades
  2953 | D:4      | Gained mutation: You regenerate a little health from kills. [demonic ancestry]
  2953 | D:4      | Reached XP level 6. HP: 19/44 MP: 6/6
  3091 | D:4      | Noticed an ogre
  3101 | D:4      | Killed an ogre
  3236 | D:4      | Noticed Grinder
  3240 | D:4      | Paralysed by Grinder for 6 turns
  3273 | D:4      | Gained mutation: You are partially covered in thin metallic scales (AC +2). [potion of beneficial mutation]
  3277 | D:4      | HP: 2/44 [Grinder (4)]
  3277 | D:4      | Slain by Grinder

Vault maps used:
D:1:      tarquinn_simple_flora_water_e, wad_floor_pattern_untrapped,
          minmay_rat_gold_closets
D:3:      cheibriados_altar_1, uniq_robin
D:4:      kennysheep_mini, minmay_temple_entry_trees, first_bread, uniq_grinder

Action                   |  1- 3 |  4- 6 || total
-------------------------+-------+-------++-------
Melee: Long sword        |   139 |   123 ||   262
Throw: Throwing net      |       |     2 ||     2
  Use: Potion            |     1 |     6 ||     7
 Stab: Sleeping          |     1 |       ||     1
       Held in net/web   |       |     1 ||     1
  Eat: Chunk             |     3 |     4 ||     7
